 Dungeon Sprint DCSS version 0.27.1-33-g824d729ab1 (webtiles) character file.

Game seed: 4811366188529261755

20520 manyhoops the Warrior (level 12, -15/132 HPs)
             Began as a Minotaur Berserker on Nov 25, 2021.
             Was the Champion of Trog.
             Killed from afar by a fire giant (45 damage)
             ... with a bolt of fire
             ... in the Dungeon (Sprint I: "Red Sonja").
             The game lasted 00:16:08 (6707 turns).

manyhoops the Warrior (Minotaur Berserker)          Turns: 6707, Time: 00:16:09

Health: -15/132    AC: 27    Str: 32    XL:     12   Next: 46%
Magic:  11/11      EV: 18    Int: 14    God:    Trog [******]
Gold:   51         SH:  0    Dex:  8    Spells: 11/11 levels left

rFire    . . .     SeeInvis +   r - +5 executioner's axe (vorpal)
rCold    + + +     Faith    .   (shield currently unavailable)
rNeg     + + .     Spirit   .   u - +8 ice dragon scales of Cheibriados's Hatred {+Blink rF- rC++ rCorr Slay+3 SInv}
rPois    +         Reflect  .   p - +2 hat
rElec    .         Harm     .   (no cloak)
rCorr    +         Rampage  .   d - +0 pair of gloves {Str+3}
Will     +....     NoTele   +   x - +1 pair of boots {Fly}
Stlth    ..........             s - amulet "Bewn" {RegenMP -Tele rC+ rN++ Int+4}
HPRegen  0.32/turn              m - +4 ring of evasion
MPRegen  0.37/turn              v - ring of Bintiupt {rPois rF+ Will+ Str+2 Int+6}

@: on berserk cooldown, flying
A: horns 2, retaliatory headbutt, clumsy 1, deformed body
a: Renounce Religion, Evoke Blink, Berserk, Trog's Hand, Brothers in Arms


You were in the Dungeon.
You worshipped Trog.
Trog was exalted by your worship.
You visited 1 branch You collected 3414 gold pieces.
You spent 3363 gold pieces at shops.

Inventory:

Hand Weapons
 q - the +5 war axe of Turmoil {flame, +Blink rElec rPois Str+7}
   (Trog gifted it to you in the Dungeon)

   It burns those it strikes, dealing additional fire damage.
   Big, fiery blades are also staple armaments of hydra-hunters.
   Str:       It affects your strength (+7).
   rElec:     It insulates you from electricity.
   rPois:     It protects you from poison.
   +Blink:    It lets you blink.
 r - a +5 vorpal executioner's axe (weapon)
Missiles
 l - 4 curare-tipped darts (quivered)
Armour
 b - +1 gold dragon scales
 d - a +0 pair of gloves of strength (worn)
 p - a +2 hat (worn)
 u - the +8 ice dragon scales of Cheibriados's Hatred (worn) {+Blink rF- rC++ rCorr Slay+3 SInv}
   (You bought it in a shop in the Dungeon)

   Slay:      It affects your accuracy & damage with ranged weapons and melee
   (+3).
   rF:        It makes you vulnerable to fire.
   rC:        It greatly protects you from cold.
   SInv:      It lets you see invisible.
   +Blink:    It lets you blink.
   rCorr:     It protects you from acid and corrosion.
 x - a +1 pair of boots of flying (worn)
Jewellery
 m - a +4 ring of evasion (left hand)
 s - the amulet "Bewn" (around neck) {RegenMP -Tele rC+ rN++ Int+4}
   (You found it in the Dungeon)

   [amulet of magic regeneration]

   It increases your rate of magic regeneration.
   Int:       It affects your intelligence (+4).
   rC:        It protects you from cold.
   rN:        It greatly protects you from negative energy.
   -Tele:     It prevents most forms of teleportation.
 v - the ring of Bintiupt (right hand) {rPois rF+ Will+ Str+2 Int+6}
   (You found it in the Dungeon)

   [ring of intelligence]

   Str:       It affects your strength (+2).
   Int:       It affects your intelligence (+6).
   rF:        It protects you from fire.
   rPois:     It protects you from poison.
   Will:      It increases your willpower.
Wands
 i - a wand of digging (1)
 k - a wand of flame (22)
Scrolls
 h - a scroll of blinking
 n - a scroll of fear
 t - a scroll of magic mapping {unknown}
 y - a scroll of enchant weapon
Potions
 c - 3 potions of curing
 e - a potion of haste
 f - 2 potions of magic
 g - a potion of berserk rage
 j - a potion of attraction
 w - a potion of mutation


   Skills:
 + Level 19.7 Fighting
 - Level 18.9 Axes
 - Level 0.8 Throwing
 - Level 19.6 Armour
 * Level 14.2 Dodging


You had 11 spell levels left.
You didn't know any spells.
Your spell library was empty.

Dungeon Overview and Level Annotations

Branches:
Dungeon (1/1)

Altars:
Cheibriados
Dithmenos
Elyvilon
Fedhas
Gozag
Hepliaklqana
Kikubaaqudgha
Makhleb
Nemelex Xobeh
Okawaru
Qazlal
Ru
Sif Muna
Trog
Uskayaw
Vehumet
Wu Jian
Xom
Yredelemnul
Zin
The Shining One
Jiyva
Lugonu

Shops:
D ==[?[(*[[(([*[(*??*[(


Innate Abilities, Weirdness & Mutations

You have a pair of horns on your head.
You reflexively headbutt those who attack you in melee.
You are clumsy. (Dex -2)
Armour fits poorly on your strangely shaped body.


Message History

The fire giant casts a spell at you. The bolt of fire misses you.
The fire giant hits you with a +0 great sword of flaming!
The fire giant burns you.
Unknown command.
You slash the fire giant!
You headbutt the fire giant, but do no damage.
The fire giant is heavily wounded.
You hit the fire giant.
The fire giant hits you but does no damage. x2
The fire giant hits you with a +1 great sword of flaming!
The fire giant burns you.
Unknown command.
You are too injured to fight recklessly!
Unknown command.
You are too injured to fight recklessly!
Unknown command.
You are too injured to fight recklessly!
You are too injured to fight recklessly!
Unknown command.
Your ice dragon scales of Cheibriados's Hatred prevents you from hitting the fire giant.
You headbutt the fire giant.
The fire giant is heavily wounded.
You slice the fire giant!!
The fire giant hits you with a +0 great sword of flaming.
The fire giant burns you.
The fire giant hits you with a +1 great sword of flaming!!
* * * LOW HITPOINT WARNING * * *
The fire giant burns you!
* * * LOW HITPOINT WARNING * * *
The fire giant hits you with a +0 great sword of flaming!
* * * LOW HITPOINT WARNING * * *
The fire giant burns you.
* * * LOW HITPOINT WARNING * * *
You cannot blink because you are wearing the amulet "Bewn" {RegenMP -Tele rC+ rN++ Int+4}.
You feel much better.
You feel yourself speed up. The fire giant casts a spell at you.
The bolt of fire hits you!!!
You die...

#'###.###.#^°###..###..#+###..≈#§
....'[∩##.#°°####..###.).# ≈..##.
#########.##○#..#).#.###.#M≈..#.§
.......##§##:#......°○.#.###..#..
........§§####.........#.# +..##.
'..######.#.)'......####'# ##+#
.)..§§§§#§#####...###..).#
†..§...#§.#)[)#####...####
...§.§≈####$...C@...### .....≈≈#
?=?...C##### ...§§§## /.....#
≈≈≈≈### !....# ####'### $...$
#####∩∩# #### ∩∩∩∩∩∩## ≈≈≈
####### ###


You could see 2 fire giants.

Vanquished Creatures
  A daeva (D)
  2 fire giants (D)
  A deep elf annihilator (D)
  A lorocyproca (D)
  A hydra (D)
  2 centaur warriors (D)
  Sonja (D)
  A deep troll (D)
  A lindwurm (D)
  An oklob plant (D)
  A merfolk siren (D)
  4 demonic crawlers (D)
  7 unseen horrors (D)
  A gargoyle (D)
  2 kobold demonologists (D)
  A meliai (D)
  3 hornets (D)
  A slime creature (D)
  Sigmund (D)
  A yak (D)
  2 redbacks (D)
  13 hogs (D)
  4 floating eyes (D)
  7 necrophages (D)
  An ogre (D)
  8 jellies (D)
  Ijyb (D)
70 creatures vanquished.

Vanquished Creatures (collateral kills)
  8 shining eyes (D)
  A merfolk siren (D)
  A hellwing (D)
  2 hornets (D)
  3 floating eyes (D)
15 creatures vanquished.

Vanquished Creatures (others)
  A gargoyle (D)
  2 ballistomycete spores (D)
3 creatures vanquished.

Grand Total: 88 creatures vanquished

Notes
Turn   | Place    | Note
-------+----------+-------------------------------------------
     0 | D        | manyhoops the Minotaur Berserker began the quest for the
                  | Orb.
     0 | D        | Reached XP level 1. HP: 19/19 MP: 0/0
     1 | D        | Noticed Ijyb
    14 | D        | Killed Ijyb
    15 | D        | Reached skill level 5 in Fighting
    15 | D        | Reached skill level 5 in Axes
    15 | D        | Reached XP level 2. HP: 6/30 MP: 1/1
    79 | D        | Killed a gargoyle
   269 | D        | Noticed an ogre
   272 | D        | Killed an ogre
   273 | D        | Reached XP level 3. HP: 40/40 MP: 2/2
   273 | D        | Reached XP level 4. HP: 48/48 MP: 3/3
   330 | D        | Noticed Sigmund
   337 | D        | Killed Sigmund
   337 | D        | Reached ** piety under Trog
   338 | D        | Reached skill level 10 in Fighting
   338 | D        | Reached skill level 5 in Armour
   338 | D        | Reached skill level 5 in Dodging
   338 | D        | Reached XP level 5. HP: 51/58 MP: 4/4
   388 | D        | Found an ornate altar of the Wu Jian Council.
   388 | D        | Found a shimmering blue altar of Sif Muna.
   389 | D        | Found a burning altar of Makhleb.
   389 | D        | Found a viscous altar of Jiyva.
   389 | D        | Found a shimmering altar of Xom.
   389 | D        | Found a corrupted altar of Lugonu.
   389 | D        | Noticed a slime creature
   395 | D        | Killed a slime creature
   396 | D        | Reached XP level 6. HP: 68/68 MP: 5/5
   402 | D        | Found a radiant altar of Vehumet.
   471 | D        | Found Hawnug's Magic Scroll Emporium.
   471 | D        | Found an ancient bone altar of Kikubaaqudgha.
   471 | D        | Found a hazy altar of Hepliaklqana.
   471 | D        | Found a stormy altar of Qazlal.
   471 | D        | Found a hide-covered altar of Uskayaw.
   471 | D        | Found a blossoming altar of Fedhas.
   471 | D        | Found a bloodstained altar of Trog.
   471 | D        | Found an iron altar of Okawaru.
   471 | D        | Found a basalt altar of Yredelemnul.
   471 | D        | Found a glowing golden altar of the Shining One.
   471 | D        | Found a snail-covered altar of Cheibriados.
   471 | D        | Found a sacrificial altar of Ru.
   471 | D        | Found a glowing silver altar of Zin.
   471 | D        | Found a shadowy altar of Dithmenos.
   471 | D        | Found a white marble altar of Elyvilon.
   471 | D        | Noticed a yak
   484 | D        | Killed a yak
   484 | D        | Reached *** piety under Trog
   485 | D        | Reached XP level 7. HP: 45/77 MP: 6/6
   485 | D        | Found an opulent altar of Gozag.
   486 | D        | Found a sparkling altar of Nemelex Xobeh.
   636 | D        | Noticed Sonja
   648 | D        | Killed Sonja
   649 | D        | Reached XP level 8. HP: 23/88 MP: 7/7
   946 | D        | Found Geoxuo's Jewellery Boutique.
   967 | D        | Noticed a deep troll
   975 | D        | Killed a deep troll
  1163 | D        | Found Myodenol's Armour Emporium.
  1197 | D        | Bought a scroll of identify for 20 gold pieces
  1197 | D        | Bought a scroll of identify for 20 gold pieces
  1197 | D        | Bought a scroll of identify for 20 gold pieces
  1832 | D        | Noticed a centaur warrior
  1832 | D        | Noticed a centaur warrior
  1841 | D        | Killed a centaur warrior
  1842 | D        | Reached skill level 15 in Fighting
  1842 | D        | Reached skill level 15 in Axes
  1842 | D        | Reached XP level 9. HP: 76/97 MP: 8/8
  1849 | D        | Killed a centaur warrior
  1849 | D        | Reached **** piety under Trog
  2126 | D        | Noticed an oklob plant
  2140 | D        | Killed an oklob plant
  2459 | D        | Noticed a kobold demonologist
  2461 | D        | Noticed a kobold demonologist
  2462 | D        | Noticed a red devil
  2469 | D        | Noticed a rust devil
  2469 | D        | Killed a kobold demonologist
  2469 | D        | Reached ***** piety under Trog
  2470 | D        | Reached XP level 10. HP: 108/108 MP: 9/9
  2665 | D        | Reached skill level 10 in Dodging
  3107 | D        | Bought +1 gold dragon scales for 957 gold pieces
  3145 | D        | Received a gift from Trog
  3146 | D        | Reached skill level 10 in Armour
  3204 | D        | Noticed a gargoyle
  3215 | D        | Killed a gargoyle
  3525 | D        | Noticed a lindwurm
  3532 | D        | Killed a lindwurm
  3617 | D        | Bought a +0 pair of boots for 49 gold pieces
  3685 | D        | Received a gift from Trog
  3697 | D        | Reached skill level 15 in Armour
  3711 | D        | Reached ****** piety under Trog
  3711 | D        | Identified the +5 war axe of Turmoil {flame, +Blink rElec
                  | rPois Str+7} (Trog gifted it to you in the Dungeon)
  3711 | D        | Received a gift from Trog
  3719 | D        | Reached XP level 11. HP: 102/117 MP: 10/10
  3785 | D        | Noticed a 12-headed hydra
  3790 | D        | Killed a nine-headed hydra
  3792 | D        | Received a gift from Trog
  4038 | D        | Noticed a deep elf annihilator
  4050 | D        | Received a gift from Trog
  4054 | D        | Killed a deep elf annihilator
  4056 | D        | Noticed a mummy priest
  4141 | D        | Noticed a shadow dragon
  4142 | D        | Noticed a golden dragon
  4943 | D        | Noticed a daeva
  4970 | D        | Received a gift from Trog
  5201 | D        | Identified the amulet "Bewn" {RegenMP -Tele rC+ rN++ Int+4}
  5460 | D        | Killed a lorocyproca
  6151 | D        | Killed a daeva
  6286 | D        | Noticed a shining eye
  6286 | D        | Noticed a shining eye
  6286 | D        | Noticed a shining eye
  6287 | D        | Paralysed by a floating eye for 3 turns
  6289 | D        | Gained mutation: You are clumsy. (Dex -2) [a shining eye]
  6290 | D        | Killed a shining eye
  6291 | D        | Killed a shining eye
  6293 | D        | Noticed a shining eye
  6293 | D        | Noticed a shining eye
  6293 | D        | Killed a shining eye
  6294 | D        | Reached XP level 12. HP: 127/127 MP: 11/11
  6300 | D        | Gained mutation: Armour fits poorly on your strangely
                  | shaped body. [a shining eye]
  6301 | D        | Received a gift from Trog
  6414 | D        | Found Naudyirch's Jewellery Shoppe.
  6414 | D        | Found Geawag's Armour Emporium.
  6415 | D        | Found Ogin Hoe's Antique Armour Shop.
  6415 | D        | Found Jabiras's Weapon Boutique.
  6427 | D        | Bought the +8 ice dragon scales of Cheibriados's Hatred
                  | {+Blink rF- rC++ rCorr Slay+3 SInv} for 1737 gold pieces
  6500 | D        | Received a gift from Trog
  6518 | D        | Received a gift from Trog
  6528 | D        | Identified the ring of Bintiupt {rPois rF+ Will+ Str+2
                  | Int+6}
  6565 | D        | Found Ane Meuss's Armour Shoppe.
  6565 | D        | Found Vipenich's Assorted Antiques.
  6565 | D        | Found Lulilu's Armour Boutique.
  6567 | D        | Found Wuziph's Weapon Emporium.
  6567 | D        | Found Zesud's Antique Weapon Shop.
  6567 | D        | Found Qielyph's Antique Armour Shoppe.
  6567 | D        | Found Ymuri's Assorted Antiques.
  6567 | D        | Found Kinoyvey's Antique Armour Emporium.
  6567 | D        | Found Iwkuycla's Weapon Shop.
  6567 | D        | Found Plog's Assorted Antiques.
  6570 | D        | Found Neskeclo's Magic Scroll Boutique.
  6571 | D        | Found Hoghy's Assorted Antiques.
  6571 | D        | Found Yritihep's Magic Scroll Boutique.
  6572 | D        | Found Rafucak's Antique Weapon Emporium.
  6573 | D        | Bought a glowing hat for 175 gold pieces
  6580 | D        | Bought a pair of runed boots for 180 gold pieces
  6595 | D        | Bought a potion of heal wounds for 115 gold pieces
  6597 | D        | Bought a scroll of enchant weapon for 90 gold pieces
  6665 | D        | Noticed a fire giant
  6674 | D        | Noticed a fire giant
  6676 | D        | Killed a fire giant
  6680 | D        | Killed a fire giant
  6701 | D        | Noticed a fire giant
  6701 | D        | Noticed a fire giant
  6706 | D        | HP: 3/132 [fire giant (11)]
  6707 | D        | Killed from afar by a fire giant

Illustrated notes

Levels and vault maps discovered:
D:        dungeon_sprint_1 [red_sonja_temple_1, red_sonja_temple_small_1]

Skill      XL: |  1  2  3  4  5  6  7  8  9 10 11 12 |
---------------+-------------------------------------+-----
Fighting       | 5 7 10 11 12 13 15 16 17 19 | 19.7
Axes           | 5 7 9 11 13 15 16 18 | 18.9
Armour         | 3 4 5 6 7 8 9 16 19 | 19.6
Dodging        | 3 4 5 6 7 8 9 10 11 14 | 14.2
Throwing       | |  0.8

Action                   |  1- 3 |  4- 6 |  7- 9 | 10-12 || total
-------------------------+-------+-------+-------+-------++-------
Melee: Hand axe          |    13 |    26 |    49 |   100 ||   188
       Headbutt          |     3 |     2 |    11 |    50 ||    66
       War axe           |       |       |       |    41 ||    41
       Executioner's axe |       |       |       |    42 ||    42
Throw: Dart              |       |       |     1 |       ||     1
Invok: Berserk           |     2 |     1 |     6 |     7 ||    16
       Brothers in Arms  |       |       |       |     3 ||     3
Evoke: Wand              |       |       |       |     2 ||     2
  Use: Scroll            |       |       |     2 |     2 ||     4
       Potion            |       |       |       |     2 ||     2
 Stab: Distracted        |       |       |       |     1 ||     1
Armor: Animal skin       |     2 |       |       |       ||     2
       Leather armour    |       |       |     8 |     1 ||     9
       Gold dragon scale |       |       |       |   104 ||   104
       Ice dragon scales |       |       |       |     7 ||     7
Dodge: Dodged            |     5 |     9 |    24 |   103 ||   141
